 Dungeon Crawl Stone Soup version 0.25.1-2-g60ff931df9 (webtiles) character file.

Game seed: 16636069706094770621

33 JakoBeide the Shield-Bearer (level 3, -1/24 HPs)
             Began as a Gargoyle Fighter on Nov 19, 2020.
             Slain by a quokka (3 damage)
             ... on level 2 of the Dungeon.
             The game lasted 00:04:51 (1118 turns).

JakoBeide the Shield-Bearer (Gargoyle Fighter)      Turns: 1118, Time: 00:04:52

Health: -1/24      AC: 10    Str: 20    XL:     3   Next: 29%
Magic:  3/3        EV:  7    Int:  8    God:
Gold:   64         SH:  9    Dex:  9    Spells: 2/2 levels left

rFire    . . .     SeeInvis .   a - +0 flail
rCold    . . .     Gourm    .   c - +0 kite shield
rNeg     + . .     Faith    .   b - +0 scale mail
rPois    ∞         Spirit   .   (no helmet)
rElec    +         Reflect  .   (no cloak)
rCorr    .         Harm     .   (no gloves)
MR       .....     Rnd*Tele +   (no boots)
Stlth    ..........             (no amulet)
HPRegen  0.08/turn              m - ring of teleportation (curse)
MPRegen  0.08/turn              (no ring)

@: mighty
A: negative energy resistance 1, electricity resistance, unbreathing,
petrification resistance, rot immunity, AC +3
a: no special abilities


You were on level 2 of the Dungeon.
You were not hungry.

You visited 1 branch of the dungeon, and saw 2 of its levels.

You collected 64 gold pieces.

Inventory:

Hand Weapons
 a - a +0 flail (weapon)
Armour
 b - a +0 scale mail (worn)
 c - a +0 kite shield (worn)
 j - a +0 ring mail
 l - a +0 leather armour
Jewellery
 m - a cursed ring of teleportation (left hand)
Scrolls
 g - a scroll of blinking {unknown}
 i - a scroll of teleportation {unknown}
Potions
 e - a potion of degeneration {unknown}
 h - a potion of lignification {unknown}
 k - a potion of curing {unknown}
Comestibles
 f - 2 rations
 n - 3 chunks of flesh


   Skills:
 + Level 3.7 Fighting
 + Level 2.6 Maces & Flails
 + Level 3.4 Armour
 + Level 0.1 Dodging
 + Level 3.7 Shields


You had 2 spell levels left.
You didn't know any spells.
Your spell library was empty.

Dungeon Overview and Level Annotations

Branches:
Dungeon (2/15)

Altars:


Innate Abilities, Weirdness & Mutations

You are resistant to torment.
Your stone body is resilient. (AC +3)
You are immune to poison.
You resist negative energy. (rN+)
You are resistant to electric shocks. (rElec)
You can survive without breathing.
You are immune to petrification.
You are immune to rotting.


Message History

You closely miss the quokka.
The quokka is moderately wounded.
The frilled lizard bites you but does no damage.
The quokka bites you.
* * * LOW HITPOINT WARNING * * *
The hobgoblin hits you but does no damage.
The bat barely misses you. You block the hobgoblin's attack.
The frilled lizard barely misses you. The quokka closely misses you.
You block the hobgoblin's attack. The bat hits you but does no damage.
You closely miss the quokka.
The quokka is moderately wounded.
The bat barely misses you.
The hobgoblin hits you but does no damage.
The quokka bites you.
* * * LOW HITPOINT WARNING * * *
The frilled lizard misses you. You block the hobgoblin's attack.
The hobgoblin hits you but does no damage.
Your shield and scale mail prevent you from hitting the hobgoblin.
The quokka bites you.
You die...

### #<# ## #.#
.. #.# .. # #.#
.#
##.##.#.#..##..
......g@g......
##....brl..##..
#..#..........
#. #..........
.. ###..#.#...
# .........
#..#.#... ....
..


You could see a quokka, 2 hobgoblins, a bat and a frilled lizard.

Vanquished Creatures
  A gnoll (D:1)
  A ball python (D:1)
  2 bats (D:1)
  4 goblins
  5 hobgoblins (D:1)
  4 kobolds (D:1)
  2 frilled lizards (D:1)
  4 rats (D:1)
23 creatures vanquished.

Notes
Turn   | Place    | Note
-------+----------+-------------------------------------------
     0 | D:1      | JakoBeide the Gargoyle Fighter began the quest for the Orb.
     0 | D:1      | Reached XP level 1. HP: 14/14 MP: 1/1
   135 | D:1      | Reached XP level 2. HP: 13/19 MP: 2/2
   382 | D:1      | Reached XP level 3. HP: 23/23 MP: 3/3
  1118 | D:2      | Slain by a quokka

Illustrated notes

Levels and vault maps discovered:
D:1:      ncdulo_watergridlock, layout_basic, minmay_crystal_room
D:2:      layout_basic, feat_on_display

Action                   || total
-------------------------++-------
Melee: Flail             ||   121
  Use: Potion            ||     1
  Eat: Chunk             ||     1
Armor: Scale mail        ||   108
Dodge: Dodged            ||    69
Block: Kite shield       ||    91
